 Dungeon Crawl Stone Soup version 0.31-a0-431-g88bdf31460 (webtiles) character file.

Game seed: 6889557868776982043

186 Shard1697 the Chopper (level 5, -1/67 HPs)
             Began as a Naga Gladiator on Aug 1, 2023.
             Slain by a gnoll
             ... wielding a +0 spear
              (6 damage)
             ... on level 2 of the Dungeon.
             The game lasted 00:03:06 (1816 turns).

Shard1697 the Chopper (Naga Gladiator)              Turns: 1816, Time: 00:03:06

Health: -1/67      AC:  5    Str: 18    XL:     5   Next: 65%
Magic:  5/5        EV: 10    Int:  8    God:
Gold:   95         SH:  0    Dex: 13    Spells: 4/4 levels left

rFire   + . .        a - +0 war axe
rCold   + . .        (no shield)
rNeg    . . .        b - +0 leather armour
rPois   +            c - +1 helmet
rElec   +            (no cloak)
rCorr   +            (no gloves)
SInv    +            (no barding)
Will    .....        (no amulet) Stlth
                     (no ring)
HPRegen 0.31/turn    (no ring)
MPRegen 0.09/turn

%: no passive effects
@: mighty, berserking (expiring), resistant, hasted, quick
A: AC +1, large, see invisible, deformed body, poison resistance, slowness 2,
spit poison 1, naga tail 1
a: Spit Poison


You were on level 2 of the Dungeon.
You visited 1 branch of the dungeon, and saw 4 of its levels.
You also visited: Sewer.

You collected 95 gold pieces.

Inventory:

Hand Weapons
 a - a +0 war axe (weapon)
Missiles
 d - 2 throwing nets (quivered)
 e - a javelin
Armour
 b - a +0 leather armour (worn)
 c - a +1 helmet (worn)
 l - a +0 ring mail
Scrolls
 f - a scroll of blinking
 j - a scroll of amnesia {unknown}
 k - 2 scrolls of silence
Potions
 g - a potion of resistance
 h - a potion of might
 i - a potion of mutation {unknown}
 m - a potion of haste
 o - a potion of brilliance {unknown}
 p - a potion of cancellation {unknown}
 q - a potion of degeneration {unknown}


   Skills:
 - Level 2.0 Fighting
 + Level 6.1 Axes
 - Level 1.7 Throwing
 - Level 2.4 Dodging


You had 4 spell levels left.
You didn't know any spells.
Your spell library contained the following spells:

 Spells                   Type           Power      Damage    Failure   Level
 Sandblast                Erth           0%         2d4       45%         1
 Passwall                 Tmut/Erth      0%         N/A       61%         2
 Sublimation of Blood     Necr           0%         N/A       61%         2
 Stone Arrow              Conj/Erth      0%         3d7       83%         3
 Petrify                  Tmut/Erth      0%         N/A       99%         4
 Irradiate                Conj/Tmut      0%         3d11      100%        5


Dungeon Overview and Level Annotations

Branches:
Dungeon (4/15)              Sewer (visited)
 Temple: D:4-7

Altars:


Innate Abilities, Weirdness & Mutations

Your serpentine skin is tough. (AC +1)
You have supernaturally acute eyesight. (SInv)
Armour fits poorly on your strangely shaped body.
Your system is resistant to poisons. (rPois)
You cover ground very slowly.
You can spit poison.
You have a snake-like lower body.


Message History

The gnoll hits you from afar with a +0 spear.
* * * LOW HITPOINT WARNING * * *
You feel a strong urge to attack something.
The gnoll looks more healthy.
The gnoll misses you.
You barely miss the gnoll.
The gnoll is severely wounded.
The gnoll barely misses you. x2
You barely miss the gnoll.
The gnoll is severely wounded.
You slash the gnoll!
You kill the gnoll!
The gnoll hits you from afar with a +0 spear.
* * * LOW HITPOINT WARNING * * *
Your Axes skill increases to level 6!
You slash the gnoll!
You kill the gnoll!
The gnoll hits you from afar with a +0 spear.
* * * LOW HITPOINT WARNING * * *
The gnoll barely misses you. The gnoll closely misses you.
There is a stone staircase leading down here.
Items here: )) ††.
You slash the gnoll!
The gnoll is almost dead.
The gnoll hits you with a +0 spear.
* * * LOW HITPOINT WARNING * * *
The gnoll hits you from afar with a +0 spear.
* * * LOW HITPOINT WARNING * * *
You slice the gnoll!!
You kill the gnoll!
The gnoll hits you from afar with a +0 spear!
* * * LOW HITPOINT WARNING * * *
Found a barding.
The gnoll barely misses you.
You see here a +0 spear.
You completely miss the gnoll. The gnoll closely misses you.
You slash the gnoll!
The gnoll is almost dead.
You closely miss the gnoll.
The gnoll is almost dead.
The gnoll hits you with a +0 spear.
You die...

#........# ###.####..#
########## ####..##...#
#####........##
.....###.....######
###..#######..)...#
########........##.....#
.......#.######........#
.......#># ####.....#
.......@.# #.....#
......g### #######
....... .?....[ #######


You could see a gnoll.

Vanquished Creatures
  3 gnolls (D:2)
  7 adders
  2 river rats (D:4)
  2 worms (D:2)
  6 ball pythons
  7 endoplasms
  4 giant cockroaches
  7 goblins
  4 hobgoblins
  17 kobolds
  2 quokkas (D:1)
  5 bats
  3 frilled lizards
  6 rats
75 creatures vanquished.

Notes
Turn   | Place    | Note
-------+----------+-------------------------------------------
     0 | D:1      | Shard1697 the Naga Gladiator began the quest for the Orb.
     0 | D:1      | Reached XP level 1. HP: 19/19 MP: 1/1
   101 | D:1      | Reached XP level 2. HP: 13/26 MP: 2/2
   504 | D:1      | Reached skill level 4 in Axes
   567 | D:1      | Reached XP level 3. HP: 32/32 MP: 3/3
   885 | D:2      | You fall into a shaft and drop 2 floors!
  1006 | D:4      | Reached XP level 4. HP: 24/39 MP: 4/4
  1039 | D:4      | Reached skill level 5 in Axes
  1059 | D:4      | Found a glowing drain.
  1068 | Sewer    | Entered a sewer
  1339 | Sewer    | Reached XP level 5. HP: 42/45 MP: 5/5
  1809 | D:2      | Reached skill level 6 in Axes
  1816 | D:2      | Slain by a gnoll

Illustrated notes

Levels and vault maps discovered:
D:1:      doesnt_arrival_eight_statues, layout_loops_ring, minivault_24
D:2:      layout_rooms, hellmonk_ecumenical_altar_defaced_shrine,
          kennysheep_generic_room_5, uniq_natasha, uniq_crazy_yiuf_cottage
D:3:      layout_basic, nicolae_qazlal_general_emergency,
          lexackson_kobold_supper, uniq_robin
D:4:      layout_loops_corners, lightli_sewer_entry_pipes

Skill      XL: |  1  2  3  4  5 |
---------------+----------------+-----
Axes           | 4 5 6 |  6.1
Fighting       | |  2.0
Throwing       | |  1.7
Dodging        | |  2.4

Action                     |  1- 3 |  4- 6 || total
---------------------------+-------+-------++-------
  Melee: War axe           |    84 |   113 ||   197
         Punch             |     2 |       ||     2
  Throw: Throwing net      |     1 |     2 ||     3
Ability: Spit Poison       |     1 |     3 ||     4
    Use: Scroll            |     5 |       ||     5
         Potion            |       |     5 ||     5
 Armour: Leather armour    |    27 |    44 ||    71
  Dodge: Dodged            |    47 |    69 ||   116

Table legend: (Time is in decaauts)
 A = Elapsed time spent in this place.
 B = Non-inter-level travel time spent in this place.
 C = Inter-level travel time spent in this place.
 D = Time resting spent in this place.
 E = Time spent auto-exploring this place.
 F = Levels seen in this place.
 G = Mean time per level.
                   A        B        C        D        E       F      G
               +--------+--------+--------+--------+--------+-----+--------+
         Total |   2312 |   2276 |     36 |    119 |   1524 |   5 |  462.4 |
       Dungeon |   1790 |   1754 |     36 |     46 |   1245 |   4 |  447.5 |
         Sewer |    522 |    522 |      0 |     73 |    278 |   1 |  522.0 |
               +--------+--------+--------+--------+--------+-----+--------+

Top non-repeatable levels by time:
     D:1: 1037 daAuts
   Sewer: 522 daAuts
     D:2: 410 daAuts
     D:4: 326 daAuts
     D:3: 16 daAuts
